 Dungeon Crawl Stone Soup version 0.31-a0-175-g9f7f995f2b (webtiles) character file.

Game seed: 14034315128554728948

19338 qw the Cleaver (level 12, -4/80 HPs)
             Began as a Gargoyle Fighter on June 16, 2023.
             Was a Priest of Okawaru.
             Slain by a death yak (18 damage)
             ... on level 2 of the Lair of Beasts.
             The game lasted 00:07:40 (12489 turns).

qw the Cleaver (Gargoyle Fighter)                  Turns: 12489, Time: 00:07:41

Health: -4/80      AC: 28    Str: 24    XL:     12   Next: 67%
Magic:  18/18      EV: 10    Int: 10    God:    Okawaru [***...]
Gold:   527        SH:  8    Dex:  9    Spells: 11/11 levels left

rFire   . . .        Y - +0 war axe
rCold   . . .        s - +2 buckler
rNeg    + + .        m - +4 chain mail {rN+}
rPois   inf          j - +0 helmet
rElec   +            (no cloak)
rCorr   .            b - +0 pair of gloves
SInv    .            (no boots)
Will    +....        (no amulet) Stlth
                     l - ring of willpower
HPRegen 0.33/turn    (no ring)
MPRegen 0.16/turn

%: no passive effects
@: heroic
A: sickness immunity, AC +8, negative energy resistance 1, electricity
resistance, torment resistance 1, petrification resistance
a: Renounce Religion, Heroism


You were on level 2 of the Lair of Beasts.
You worshipped Okawaru.
Okawaru was most pleased with you.
You visited 3 branches of the dungeon, and saw 13 of its levels.
You also visited: Sewer.

You collected 753 gold pieces.
You spent 226 gold pieces at shops.


Innate Abilities, Weirdness & Mutations

You are immune to sickness and miasma.
Your stone body is resilient. (AC +8)
You are immune to poison.
You resist negative energy. (rN+)
You are resistant to electric shocks. (rElec)
You are resistant to unholy torment.
You are immune to petrification.


   Skills:
 - Level 11.1(16.1) Fighting
 - Level 13.0(18.0) Axes
 - Level 4.3(9.3) Throwing
 + Level 7.5(12.5) Armour
 - Level 2.0(7.0) Dodging
 - Level 6.0(11.0) Shields
 - Level 9.0 Invocations


You had 11 spell levels left.
You didn't know any spells.
Your spell library was empty.

Inventory:

Hand Weapons
 o - a +1 demon whip of venom
 r - a +0 morningstar
 Y - a +0 war axe (weapon)
Missiles
 k - 3 boomerangs
 t - a javelin (quivered)
Armour
 b - a +0 pair of gloves (worn)
 j - a +0 helmet (worn)
 m - a +4 chain mail of positive energy (worn)
 n - +0 acid dragon scales
 s - a +2 buckler (worn)
Jewellery
 l - a ring of willpower (left hand)
Scrolls
 a - 6 scrolls of identify
Potions
 d - 3 potions of might
 e - 6 potions of curing
 f - a potion of attraction
 g - a potion of resistance
 p - a potion of haste

Dungeon Overview and Level Annotations

Branches:
Dungeon (10/15)            Temple (1/1) D:6            Lair (2/5) D:10
 Shoals (0/4) Lair:2        Sewer (visited)
  Snake: Lair:2-3    Spider: Lair:2-3       Orc: D:9-12

Altars:
Ashenzari
Cheibriados
Dithmenos
Elyvilon
Fedhas
Gozag
Hepliaklqana
Kikubaaqudgha
Makhleb
Nemelex Xobeh
Okawaru
Qazlal
Ru
Sif Muna
Trog
Uskayaw
Vehumet
Wu Jian
Xom
Yredelemnul
Zin
The Shining One
Lugonu

Shops:
D:3 *   D:4 (([!

Annotations:
D:3 3 runed translucent doors, qw's ghost, amateur GrHu
Lair:2 Gastronok; Sonja


Message History

The death yak gores you but does no damage.
The death yak gores you! x2
You hit the death yak but do no damage.
The death yak is heavily wounded.
You barely miss the death yak. You hit the death yak.
Gastronok the Ponderous comes into view.
Sonja casts a spell.
Sonja blinks!
You hit the death yak.
The death yak is heavily wounded.
You hit the death yak but do no damage. You hit the death yak.
The death yak gores you but does no damage. x3
You hit the death yak but do no damage.
The death yak is heavily wounded.
You hit the death yak but do no damage. x2
The death yak gores you but does no damage. x2
The death yak completely misses you.
Sonja casts a spell.
Sonja blinks!
You hit the death yak but do no damage.
The death yak is heavily wounded.
You hit the death yak. You hit the death yak but do no damage.
Gastronok casts a spell.
Gastronok puts on a burst of speed!
The death yak gores you! You block the death yak's attack. x2
You hit the death yak.
The death yak is heavily wounded.
You hit the death yak. You slash the death yak!
Sonja twirls her cape.
You slash the death yak!
The death yak is severely wounded.
You slash the death yak! You hit the death yak but do no damage.
The death yak gores you! x2
The death yak gores you but does no damage.
You slash the death yak!
The death yak is severely wounded.
You hit the death yak but do no damage. x2
The death yak gores you but does no damage.
The death yak gores you!!
You die...

.........#.'#..#.....#...
##.......#...............
#........#...........#...
#P..##.#.................
##.#####.............#. .
#.# #.............#..
#P.#.............>
#..#...........# #.
#..####@#..#.. #
#.......YYYY.K.ยค.. .
...........YY....... .
..####....%<(....... . .
#.....(.#.'###. .
#......#...... .. .... .
#w.....#(.... ... .... .
.........#.#...#. ..... .
....K.. ....


You could see Gastronok (swift), 3 death yaks, 3 yaks and Sonja.

Vanquished Creatures
  Erolcha (D:9)
  2 death yaks (Lair:2)
  Amaemon (D:8)
  Pikel (D:8)
  Joseph (D:8)
  A gargoyle (D:10)
  An orange demon (D:8)
  A rime drake (Lair:2)
  A komodo dragon (Lair:1)
  2 trolls (D:10)
  2 kobold demonologists
  7 spriggans (D:10)
  Sigmund (D:4)
  A wyvern (D:9)
  9 yaks
  2 steam dragons
  3 basilisks (Lair:2)
  Grum (D:8)
  2 acid dragons
  4 water moccasins
  5 orc warriors
  A black bear (D:5)
  2 ice beasts
  3 ogres
  13 centaurs
  6 wolves
  A lemure (D:8)
  7 phantoms
  5 kobold brigands
  5 bullfrogs
  2 scorpions
  A gnoll sergeant (D:10)
  14 wights
  12 killer bees
  6 howler monkeys
  2 jellies
  A gnoll bouda (D:10)
  6 orc priests
  A hound (D:4)
  19 orc wizards
  2 iguanas
  A sleepcap (D:7)
  Robin (D:2)
  13 adders
  12 gnolls
  3 shadow imps
  6 white imps
  A worm (D:2)
  5 dart slugs
  58 orcs
  9 ball pythons
  5 bats
  15 endoplasms
  3 giant cockroaches
  23 goblins
  7 hobgoblins
  4 jackals
  20 kobolds
  7 quokkas
  3 frilled lizards
  6 rats
360 creatures vanquished.

Vanquished Creatures (others)
  A butterfly (D:6)
1 creature vanquished.

Grand Total: 361 creatures vanquished

Notes
Turn   | Place    | Note
-------+----------+-------------------------------------------
     0 | D:1      | qw the Gargoyle Fighter began the quest for the Orb.
     0 | D:1      | Reached XP level 1. HP: 14/14 MP: 1/1
     0 | D:1      | 0 ||| qw: Version: 0.2-a-29-g511e9b1
     0 | D:1      | 0 ||| qw: Game counter: 5674
     0 | D:1      | 0 ||| qw: Always use a shield: true
     0 | D:1      | 0 ||| qw: God list: Okawaru
     0 | D:1      | 0 ||| qw: Allow faded altars: false
     0 | D:1      | 0 ||| qw: Do Orc after D:15 true
     0 | D:1      | 0 ||| qw: Do second Lair branch before Depths: true
     0 | D:1      | 0 ||| qw: Lair rune preference: random
     0 | D:1      | 0 ||| qw: Plans: Normal, Zot:1-4, Slime:5, God:TSO, Crypt,
                  | Tomb, Abyss, Pan, Hells, Win
     0 | D:1      | 0 ||| PLANNING D:1-11
    91 | D:1      | Reached skill level 2 in Axes
   217 | D:1      | Reached XP level 2. HP: 19/19 MP: 2/2
   299 | D:1      | 299 ||| Stepping ~*~*~tactically~*~*~ (stealth).
   300 | D:1      | 300 ||| Stepping ~*~*~tactically~*~*~ (stealth).
   335 | D:1      | Reached skill level 3 in Axes
   349 | D:1      | Reached XP level 3. HP: 23/23 MP: 3/3
   537 | D:1      | 537 ||| Stepping ~*~*~tactically~*~*~ (stealth).
   538 | D:1      | 538 ||| Stepping ~*~*~tactically~*~*~ (stealth).
   572 | D:1      | 572 ||| Stepping ~*~*~tactically~*~*~ (stealth).
   967 | D:1      | 967 ||| READING scroll labelled AFUSE ATIE.
   968 | D:1      | 968 ||| READING scroll labelled KIEREO ELEOFF.
   971 | D:1      | 971 ||| READING scroll labelled BOAPSE LEWKEMP.
   972 | D:1      | 972 ||| READING scroll labelled YKLAUF FIAFF.
  1014 | D:2      | 1014 ||| FLEEEEING.
  1015 | D:2      | 1015 ||| FLEEEEING.
  1016 | D:2      | 1016 ||| FLEEEEING.
  1183 | D:2      | Reached XP level 4. HP: 24/28 MP: 4/4
  1278 | D:2      | Reached skill level 4 in Axes
  1386 | D:2      | 1386 ||| Stepping ~*~*~tactically~*~*~ (stealth).
  1395 | D:2      | 1395 ||| Stepping ~*~*~tactically~*~*~ (stealth).
  1396 | D:2      | Noticed Robin
  1408 | D:2      | Killed Robin
  1732 | D:2      | 1732 ||| UPGRADING to +0 helmet.
  1737 | D:2      | 1737 ||| READING scroll labelled OMISIUSUMU.
  1738 | D:2      | 1738 ||| READING 3 scrolls of identify.
  1738 | D:2      | 1738 ||| IDENTIFYING bubbling black potion
  1739 | D:2      | 1739 ||| READING 2 scrolls of identify.
  1739 | D:2      | 1739 ||| IDENTIFYING orange potion
  1740 | D:2      | 1740 ||| DROPPING potion of degeneration.
  1767 | D:3      | 1767 ||| PLANNING SEWER
  1774 | D:3      | Reached XP level 5. HP: 32/32 MP: 5/5
  1881 | D:3      | Found a glowing drain.
  1912 | D:3      | 1912 ||| FLEEEEING.
  1913 | D:3      | 1913 ||| FLEEEEING.
  1914 | D:3      | 1914 ||| FLEEEEING.
  1915 | D:3      | 1915 ||| FLEEEEING.
  1916 | D:3      | 1916 ||| FLEEEEING.
  1917 | D:3      | 1917 ||| FLEEEEING.
  1918 | D:3      | 1918 ||| FLEEEEING.
  1919 | D:3      | 1919 ||| FLEEEEING.
  1920 | D:3      | 1920 ||| FLEEEEING.
  1921 | D:3      | 1921 ||| FLEEEEING.
  1922 | D:3      | 1922 ||| FLEEEEING.
  1923 | D:3      | 1923 ||| FLEEEEING.
  2003 | Sewer    | Entered a sewer
  2015 | Sewer    | Reached skill level 5 in Axes
  2031 | Sewer    | 2031 ||| Stepping ~*~*~tactically~*~*~ (water).
  2098 | D:3      | 2098 ||| PLANNING D:1-11
  2116 | D:3      | 2116 ||| Stepping ~*~*~tactically~*~*~ (stealth).
  2202 | D:3      | Found a snail-covered altar of Cheibriados.
  2202 | D:3      | Identified the +6 mace of Kindness {flame, Str+4 Int-2}
  2215 | D:3      | 2215 ||| DROPPING +0 whip.
  2216 | D:3      | 2216 ||| DROPPING +0 mace.
  2219 | D:3      | Found a runed translucent gate.
  2219 | D:3      | Found a runed translucent gate.
  2219 | D:3      | Found a runed translucent gate.
  2482 | D:3      | Found Moxku's General Store.
  2487 | D:3      | 2487 ||| SHOPLISTING +1 chain mail of cold resistance (231
                  | gold, have 83).
  2487 | D:3      | 2487 ||| BUYING potion of heal wounds (70 gold).
  2487 | D:3      | Bought a potion of heal wounds for 70 gold pieces
  2487 | D:3      | 2487 ||| SHOPLISTING scroll of identify (28 gold, have 13).
  2487 | D:3      | 2487 ||| SHOPLISTING scroll of teleportation (42 gold, have
                  | 13).
  2735 | D:3      | Noticed qw's ghost (amateur GrHu)
  2735 | D:3      | Noticed qw's ghost (amateur GrHu)
  2757 | D:3      | 2757 ||| UPGRADING to +4 chain mail of positive energy.
  2767 | D:3      | 2767 ||| DROPPING +0 scale mail.
  2768 | D:3      | 2768 ||| DROPPING amulet of magic regeneration.
  2769 | D:3      | 2769 ||| READING scroll labelled RUWKOB EVORI.
  2770 | D:3      | 2770 ||| READING scroll labelled JEWKEA ANUSS.
  2828 | D:4      | 2828 ||| Stepping ~*~*~tactically~*~*~ (hiding).
  2965 | D:4      | Noticed a +0 dagger
  2965 | D:4      | Noticed a +0 short sword
  2966 | D:4      | Noticed a +0 short sword
  2966 | D:4      | Noticed a +0 spear
  2967 | D:4      | Noticed a +0 spear
  2969 | D:4      | Noticed a +0 dagger
  2969 | D:4      | Noticed a phantom
  2969 | D:4      | Noticed a +0 falchion
  2970 | D:4      | Noticed a +0 falchion
  2991 | D:4      | Killed a phantom
  2992 | D:4      | Reached XP level 6. HP: 29/40 MP: 6/6
  3037 | D:4      | Found a hide-covered altar of Uskayaw.
  3064 | D:4      | Found Woziaq's Weapon Shop.
  3073 | D:4      | 3073 ||| SHOPLISTING +2 flail of protection (178 gold, have
                  | 52).
  3257 | D:4      | 3257 ||| Stepping ~*~*~tactically~*~*~ (hiding).
  3415 | D:4      | Found Ameot's Antique Armour Shop.
  3422 | D:4      | 3422 ||| SHOPLISTING fire dragon scales (1140 gold, have
                  | 118).
  3422 | D:4      | 3422 ||| SHOPLISTING pair of runed gloves (142 gold, have
                  | 118).
  3422 | D:4      | 3422 ||| SHOPLISTING shiny chain mail (142 gold, have 118).
  3443 | D:4      | Noticed Sigmund
  3464 | D:4      | Killed Sigmund
  3465 | D:4      | Reached skill level 6 in Axes
  3465 | D:4      | Reached XP level 7. HP: 19/44 MP: 7/7
  3570 | D:4      | Found Awof's Weapon Shop.
  3579 | D:4      | Reached skill level 1 in Dodging
  3734 | D:4      | Found Ymuegiot's Distillery.
  3746 | D:4      | 3746 ||| BUYING 2 potions of heal wounds (120 gold).
  3746 | D:4      | Bought 2 potions of heal wounds for 120 gold pieces
  3746 | D:4      | 3746 ||| BUYING potion of curing (36 gold).
  3746 | D:4      | Bought a potion of curing for 36 gold pieces
  3746 | D:4      | 3746 ||| SHOPLISTING potion of curing (36 gold, have 6).
  3746 | D:4      | 3746 ||| SHOPLISTING potion of lignification (36 gold, have
                  | 6).
  3835 | D:4      | 3835 ||| UPGRADING to +0 pair of gloves.
  3852 | D:5      | Entered Level 5 of the Dungeon
  3884 | D:5      | 3884 ||| Stepping ~*~*~tactically~*~*~ (stealth).
  3895 | D:5      | Reached skill level 7 in Axes
  3898 | D:5      | Reached XP level 8. HP: 30/50 MP: 8/8
  3926 | D:5      | 3926 ||| Stepping ~*~*~tactically~*~*~ (stealth).
  3929 | D:5      | 3929 ||| Stepping ~*~*~tactically~*~*~ (stealth).
  3932 | D:5      | 3932 ||| Stepping ~*~*~tactically~*~*~ (stealth).
  4257 | D:5      | 4257 ||| Stepping ~*~*~tactically~*~*~ (stealth).
  4259 | D:5      | 4259 ||| Stepping ~*~*~tactically~*~*~ (hiding).
  4283 | D:5      | HP: 12/50 [black bear (1)]
  4284 | D:5      | 4284 ||| READING 3 scrolls of teleportation.
  4285 | D:5      | HP: 3/50 [orc priest/divine providence (10)]
  4286 | D:5      | 4286 ||| DRINKING 4 potions of heal wounds.
  4413 | D:5      | Found a shimmering blue altar of Sif Muna.
  4417 | D:5      | 4417 ||| Stepping ~*~*~tactically~*~*~ (hiding).
  4433 | D:5      | Reached skill level 8 in Axes
  4734 | D:5      | Found a shadowy altar of Dithmenos.
  4734 | D:5      | Found a hazy altar of Hepliaklqana.
  4737 | D:5      | Noticed a shadow
  4923 | D:5      | 4923 ||| READING 2 scrolls of identify.
  4923 | D:5      | 4923 ||| IDENTIFYING yellow potion
  4939 | D:6      | 4939 ||| PLANNING OSSUARY
  4963 | D:6      | Found a staircase to the Ecumenical Temple.
  4986 | D:6      | Reached skill level 6 in Fighting
  5076 | D:6      | Found a basalt altar of Yredelemnul.
  5088 | D:6      | 5088 ||| Stepping ~*~*~tactically~*~*~ (cloud).
  5264 | D:6      | Found a blossoming altar of Fedhas.
  5264 | D:6      | Found a glowing silver altar of Zin.
  5267 | D:6      | 5267 ||| READING 2 scrolls of identify.
  5267 | D:6      | 5267 ||| IDENTIFYING sedimented inky potion
  5294 | D:6      | Reached XP level 9. HP: 55/55 MP: 9/9
  5323 | D:6      | 5323 ||| Stepping ~*~*~tactically~*~*~ (hiding).
  5409 | D:6      | Reached skill level 1 in Throwing
  5463 | D:6      | Reached skill level 9 in Axes
  5564 | D:6      | 5564 ||| RIP OSSUARY
  5648 | D:6      | 5648 ||| PLANNING TEMPLE
  5689 | D:6      | 5689 ||| READING scroll labelled RIMYCIAMEUG.
  5690 | D:6      | 5690 ||| READING scroll labelled VEOMEEVOSIR.
  5691 | D:6      | 5691 ||| DROPPING potion of brilliance.
  5735 | Temple   | Entered the Ecumenical Temple
  5742 | Temple   | 5742 ||| PLANNING OKAWARU WORSHIP
  5773 | Temple   | Became a worshipper of Warmaster Okawaru
  5774 | Temple   | 5774 ||| PLANNING D:1-11
  5830 | D:6      | Found an opulent altar of Gozag.
  6057 | D:6      | Found a white marble altar of Elyvilon.
  6249 | D:6      | 6249 ||| Stepping ~*~*~tactically~*~*~ (stealth).
  6250 | D:6      | 6250 ||| Stepping ~*~*~tactically~*~*~ (stealth).
  6369 | D:6      | 6369 ||| READING 2 scrolls of identify.
  6369 | D:6      | 6369 ||| IDENTIFYING silvery potion
  6370 | D:6      | 6370 ||| DROPPING potion of invisibility.
  6485 | D:7      | 6485 ||| Stepping ~*~*~tactically~*~*~ (hiding).
  6563 | D:7      | 6563 ||| Stepping ~*~*~tactically~*~*~ (hiding).
  6564 | D:7      | 6564 ||| Stepping ~*~*~tactically~*~*~ (hiding).
  6566 | D:7      | 6566 ||| Stepping ~*~*~tactically~*~*~ (hiding).
  6568 | D:7      | 6568 ||| Stepping ~*~*~tactically~*~*~ (hiding).
  6575 | D:7      | Reached * piety under Okawaru
  6739 | D:7      | Reached skill level 1 in Invocations
  6927 | D:7      | 6927 ||| Stepping ~*~*~tactically~*~*~ (hiding).
  6933 | D:7      | Reached skill level 10 in Axes
  6999 | D:7      | Found a stormy altar of Qazlal.
  7044 | D:7      | Reached skill level 3 in Invocations
  7054 | D:7      | Reached XP level 10. HP: 63/63 MP: 12/12
  7081 | D:7      | Found a flagged portal.
  7168 | D:7      | Found a burning altar of Makhleb.
  7344 | D:7      | Found a bloodstained altar of Trog.
  7346 | D:7      | 7346 ||| Stepping ~*~*~tactically~*~*~ (stealth).
  7569 | D:7      | 7569 ||| UPGRADING to ring of willpower.
  7593 | D:7      | 7593 ||| READING scroll labelled XUL ZOLOXKU.
  7594 | D:7      | 7594 ||| READING 3 scrolls of identify.
  7594 | D:7      | 7594 ||| IDENTIFYING grey potion
  7595 | D:7      | 7595 ||| DRINKING potion of experience.
  7595 | D:7      | Reached skill level 9 in Invocations
  7595 | D:7      | Reached XP level 11. HP: 74/74 MP: 12/17
  7638 | D:7      | 7638 ||| READING 2 scrolls of identify.
  7638 | D:7      | 7638 ||| IDENTIFYING bubbling green potion
  7695 | D:8      | 7695 ||| Stepping ~*~*~tactically~*~*~ (stealth).
  7703 | D:8      | Reached ** piety under Okawaru
  7772 | D:8      | 7772 ||| Stepping ~*~*~tactically~*~*~ (hiding).
  7773 | D:8      | 7773 ||| Stepping ~*~*~tactically~*~*~ (hiding).
  7776 | D:8      | 7776 ||| INVOKING Heroism.
  7785 | D:8      | Noticed Grum
  7786 | D:8      | 7786 ||| Stepping ~*~*~tactically~*~*~ (stealth).
  7794 | D:8      | Killed Grum
  7840 | D:8      | Noticed Amaemon
  7841 | D:8      | 7841 ||| INVOKING Heroism.
  7861 | D:8      | Killed Amaemon
  7863 | D:8      | HP: 15/74 [orc warrior/+2 vampiric scimitar (4)]
  7864 | D:8      | 7864 ||| READING 4 scrolls of teleportation.
  7864 | D:8      | HP: 5/74 [orc warrior/+2 vampiric scimitar (11)]
  7865 | D:8      | 7865 ||| DRINKING 4 potions of heal wounds.
  7866 | D:8      | 7866 ||| INVOKING Heroism.
  7867 | D:8      | 7867 ||| DRINKING 3 potions of heal wounds.
  7892 | D:8      | 7892 ||| INVOKING Heroism.
  7925 | D:8      | 7925 ||| INVOKING Heroism.
  7925 | D:8      | HP: 18/74 [orange demon[Amaemon] (5)]
  7926 | D:8      | 7926 ||| READING 3 scrolls of teleportation.
  7927 | D:8      | 7927 ||| DRINKING 2 potions of heal wounds.
  7932 | D:8      | 7932 ||| Stepping ~*~*~tactically~*~*~ (stealth).
  7934 | D:8      | 7934 ||| Stepping ~*~*~tactically~*~*~ (hiding).
  7935 | D:8      | 7935 ||| Stepping ~*~*~tactically~*~*~ (hiding).
  7941 | D:8      | Noticed Pikel
  7947 | D:8      | 7947 ||| Stepping ~*~*~tactically~*~*~ (stealth).
  7948 | D:8      | 7948 ||| Stepping ~*~*~tactically~*~*~ (stealth).
  7960 | D:8      | Killed Pikel
  7961 | D:8      | Reached skill level 11 in Axes
  8042 | D:8      | Noticed Joseph
  8043 | D:8      | 8043 ||| Stepping ~*~*~tactically~*~*~ (hiding).
  8050 | D:8      | 8050 ||| INVOKING Heroism.
  8057 | D:8      | Killed Joseph
  8189 | D:8      | Found an ornate altar of the Wu Jian Council.
  8241 | D:8      | Found a sacrificial altar of Ru.
  8246 | D:8      | 8246 ||| INVOKING Heroism.
  8581 | D:9      | Reached skill level 6 in Armour
  8757 | D:9      | 8757 ||| Stepping ~*~*~tactically~*~*~ (hiding).
  8758 | D:9      | 8758 ||| Stepping ~*~*~tactically~*~*~ (hiding).
  8759 | D:9      | 8759 ||| Stepping ~*~*~tactically~*~*~ (hiding).
  8774 | D:9      | 8774 ||| INVOKING Heroism.
  8908 | D:9      | 8908 ||| Stepping ~*~*~tactically~*~*~ (hiding).
  8919 | D:9      | 8919 ||| INVOKING Heroism.
  9065 | D:9      | Noticed Erolcha
  9066 | D:9      | 9066 ||| INVOKING Heroism.
  9082 | D:9      | Killed Erolcha
  9089 | D:9      | 9089 ||| FLEEEEING.
  9275 | D:9      | 9275 ||| INVOKING Heroism.
  9320 | D:9      | 9320 ||| Stepping ~*~*~tactically~*~*~ (stealth).
  9322 | D:9      | 9322 ||| INVOKING Heroism.
  9392 | D:9      | 9392 ||| DROPPING +6 mace of Kindness {flame, Str+4 Int-2}.
  9398 | D:9      | Found a radiant altar of Vehumet.
  9539 | D:9      | 9539 ||| Stepping ~*~*~tactically~*~*~ (stealth).
  9558 | D:9      | Reached skill level 12 in Axes
  9565 | D:9      | 9565 ||| INVOKING Heroism.
  9839 | D:9      | 9839 ||| READING scroll labelled LEIFEZ KIERIAC.
  9856 | D:10     | Entered Level 10 of the Dungeon
  9862 | D:10     | 9862 ||| Stepping ~*~*~tactically~*~*~ (hiding).
  9864 | D:10     | 9864 ||| Stepping ~*~*~tactically~*~*~ (hiding).
  9871 | D:10     | Reached XP level 12. HP: 80/80 MP: 18/18
  9997 | D:10     | Reached skill level 6 in Shields
 10082 | D:10     | Found a shimmering altar of Xom.
 10096 | D:10     | 10096 ||| Stepping ~*~*~tactically~*~*~ (hiding).
 10206 | D:10     | 10206 ||| Stepping ~*~*~tactically~*~*~ (hiding).
 10246 | D:10     | Identified the +7 long sword "Fin Nez" {holy, Dex+6}
 10280 | D:10     | 10280 ||| Stepping ~*~*~tactically~*~*~ (hiding).
 10303 | D:10     | Found a staircase to the Lair.
 10468 | D:10     | 10468 ||| Stepping ~*~*~tactically~*~*~ (stealth).
 10469 | D:10     | 10469 ||| Stepping ~*~*~tactically~*~*~ (stealth).
 10475 | D:10     | 10475 ||| Stepping ~*~*~tactically~*~*~ (hiding).
 10490 | D:10     | 10490 ||| Stepping ~*~*~tactically~*~*~ (stealth).
 10491 | D:10     | 10491 ||| Stepping ~*~*~tactically~*~*~ (stealth).
 10588 | D:10     | 10588 ||| Stepping ~*~*~tactically~*~*~ (hiding).
 10606 | D:10     | 10606 ||| INVOKING Heroism.
 10719 | D:10     | 10719 ||| Stepping ~*~*~tactically~*~*~ (hiding).
 10746 | D:10     | 10746 ||| INVOKING Heroism.
 10775 | D:10     | 10775 ||| INVOKING Heroism.
 10968 | D:10     | Reached *** piety under Okawaru
 11401 | D:10     | 11401 ||| INVOKING Heroism.
 11602 | D:10     | 11602 ||| PLANNING LAIR
 11602 | D:10     | 11602 ||| UPGRADING to +2 buckler.
 11612 | D:10     | 11612 ||| DROPPING +0 buckler.
 11613 | D:10     | 11613 ||| READING scroll labelled RISAANW ZOMIOWOCI.
 11774 | Lair:1   | Entered Level 1 of the Lair of Beasts
 11787 | Lair:1   | 11787 ||| INVOKING Heroism.
 11795 | Lair:1   | Reached skill level 3 in Throwing
 11841 | Lair:1   | You fall into a shaft and drop 1 floor!
 11841 | Lair:2   | Noticed a death yak
 11841 | Lair:2   | Noticed a death yak
 11841 | Lair:2   | Noticed a death yak
 11841 | Lair:2   | Noticed a death yak
 11841 | Lair:2   | Noticed a death yak
 11842 | Lair:2   | 11842 ||| INVOKING Heroism.
 11845 | Lair:2   | Noticed Sonja
 11850 | Lair:2   | HP: 20/80 [death yak (15)]
 11851 | Lair:2   | 11851 ||| READING 3 scrolls of teleportation.
 11852 | Lair:2   | 11852 ||| DRINKING potion of heal wounds.
 11854 | Lair:2   | HP: 3/80 [death yak (10)]
 11857 | Lair:2   | 11857 ||| Stepping ~*~*~tactically~*~*~ (stealth).
 11858 | Lair:2   | 11858 ||| Stepping ~*~*~tactically~*~*~ (stealth).
 11860 | Lair:2   | 11860 ||| READING 2 scrolls of teleportation.
 11909 | Lair:2   | 11909 ||| Stepping ~*~*~tactically~*~*~ (stealth).
 11912 | Lair:2   | 11912 ||| INVOKING Heroism.
 11915 | Lair:2   | 11915 ||| Stepping ~*~*~tactically~*~*~ (hiding).
 11929 | Lair:2   | HP: 16/80 [basilisk (6)]
 11930 | Lair:2   | 11930 ||| READING scroll of teleportation.
 12234 | Lair:2   | Reached skill level 13 in Axes
 12369 | Lair:2   | Found a staircase to the Shoals.
 12448 | Lair:2   | 12448 ||| INVOKING Heroism.
 12451 | Lair:2   | 12451 ||| Stepping ~*~*~tactically~*~*~ (stealth).
 12453 | Lair:2   | 12453 ||| Stepping ~*~*~tactically~*~*~ (stealth).
 12457 | Lair:2   | 12457 ||| Stepping ~*~*~tactically~*~*~ (stealth).
 12473 | Lair:2   | Killed a death yak
 12475 | Lair:2   | Killed a death yak
 12483 | Lair:2   | Noticed Gastronok
 12488 | Lair:2   | HP: 14/80 [death yak (10)]
 12489 | Lair:2   | Slain by a death yak

Levels and vault maps discovered:
D:1:      psy_arrival_radial02, layout_basic
D:2:      layout_rooms, uniq_robin
D:3:      layout_loops_ring, cheibriados_altar_1, gup_sewer_entry_glass,
          gammafunk_ghost_cemetery, serial_shops, nicolae_shop_rolling_square
D:4:      layout_loops_cross, nicolae_uskayaw_en_pointe, serial_shops,
          nicolae_shop_statue_plus, shop, shop, nicolae_shop_industrial_runoff,
          uniq_sigmund
D:5:      layout_loops_ring, riverfiend_overflow_shadow_ancestor,
          mainiacjoe_overflow_chevrons
D:6:      layout_cave_pods, nicolae_elyvilon_peaceful_grove,
          jmf_multi_god_temple, minmay_temple_entry_statues_fountains,
          lightli_ossuary_entry_decrepit_ruins, hangedman_feature_mirror
D:7:      layout_basic, general_overflow_altar, mainiacjoe_overflow_24_doors,
          trog_book, enter_bailey_3, serial_corexii_hall,
          chequers_hall_statues_corner_a, corexii_hall_statues_t,
          corexii_hall_statues_x
D:8:      layout_cave_pools, nicolae_overflow_crystal_walls,
          hangedman_ru_absence, kennysheep_minor_cross, uniq_pikel, uniq_joseph,
          uniq_amaemon, uniq_grum
D:9:      layout_irregular_city, mainiacjoe_overflow_boulevard, uniq_erolcha
D:10:     kb_forest_paths, layout_basic, lemuel_crystal_altar, lair_entry_dummy,
          reono_crystal_passage
Temple:   corrupted_temple
Lair:1:   layout_chaotic_city, chequers_serial_rivers_marsh
Lair:2:   layout_chaotic_city, minmay_shoals_entry_centaurs, uniq_sonja,
          uniq_gastronok

Skill      XL: |  1  2  3  4  5  6  7  8  9 10 11 12 |
---------------+-------------------------------------+-----
Axes           | 2 3 4 5 6 7 8 10 12 13 | 13.0
Fighting       | 4 5 6 7 11 | 11.1
Dodging        | 1 2 |  2.0
Armour         | 4 5 6 7 |  7.5
Throwing       | 1 4 |  4.3
Shields        | 4 5 6 |  6.0
Invocations    | 3 9 |  9.0

Action                     |  1- 3 |  4- 6 |  7- 9 | 10-12 || total
---------------------------+-------+-------+-------+-------++-------
  Melee: War axe           |   109 |   203 |   388 |   708 ||  1408
  Throw: Boomerang         |       |       |    16 |    15 ||    31
         Javelin           |       |       |       |    16 ||    16
 Invoke: Heroism           |       |       |       |    21 ||    21
    Use: Scroll            |     4 |     5 |     6 |    10 ||    25
         Potion            |       |       |     1 |     5 ||     6
   Stab: Distracted        |       |       |       |     1 ||     1
 Armour: Scale mail        |    45 |    84 |       |       ||   129
         Chain mail        |       |    49 |   284 |   477 ||   810
  Dodge: Dodged            |    42 |    69 |   175 |   297 ||   583
  Block: Buckler           |    16 |    34 |    76 |   189 ||   315

Table legend:
 A = Non-vault XP
 B = Vault XP
 C = Vault XP percentage of total XP
 D = Non-vault monster count
 E = Vault monster count
 F = Vault count percentage of total count
                 A         B        C        D         E       F
            +---------+---------+-------+---------+---------+-------
      Total |   14956 |    7808 |  34.3 |     300 |      59 |  16.4
            +---------+---------+-------+---------+---------+-------
        D:1 |      57 |       0 |   0.0 |      29 |       0 |   0.0
        D:2 |      63 |      36 |  36.4 |      19 |      12 |  38.7
        D:3 |      60 |      43 |  41.7 |      21 |       4 |  16.0
        D:4 |     501 |     223 |  30.8 |      24 |       1 |   4.0
        D:5 |     888 |       0 |   0.0 |      22 |       0 |   0.0
        D:6 |    1321 |     413 |  23.8 |      32 |       4 |  11.1
        D:7 |    1300 |       7 |   0.5 |      29 |       4 |  12.1
        D:8 |    1262 |    2834 |  69.2 |      34 |       8 |  19.0
        D:9 |    3562 |     865 |  19.5 |      46 |       1 |   2.1
       D:10 |    1893 |    3031 |  61.6 |      29 |      17 |  37.0
     Lair:1 |     529 |       0 |   0.0 |       2 |       0 |   0.0
     Lair:2 |    3520 |     336 |   8.7 |      13 |       3 |  18.8
      Sewer |       0 |      20 | 100.0 |       0 |       5 | 100.0
            +---------+---------+-------+---------+---------+-------
